 Dungeon Crawl Stone Soup version 0.31-a0-1616-gbeaec30b81 (webtiles) character file.

Game seed: 1167695371085322091

185 gelatine the Shooter (level 5, -13/41 HPs)
             Began as a Demonspawn Hunter on Jan 10, 2024.
             Mangled by an ogre
             ... wielding a +0 giant club
              (32 damage)
             ... on level 4 of the Dungeon.
             The game lasted 00:02:54 (1769 turns).

gelatine the Shooter (Demonspawn Hunter)            Turns: 1769, Time: 00:02:54

Health: -13/41     AC:  4    Str: 11    XL:     5   Next: 37%
Magic:  5/5        EV: 12    Int:  9    God:
Gold:   110        SH:  0    Dex: 19    Spells: 4/4 levels left

rFire   . . .        a - +0 shortbow
rCold   . . .        (shield currently unavailable)
rNeg    . . .        c - +0 leather armour
rPois   .            (no helmet)
rElec   .            (no cloak)
rCorr   .            (no gloves)
SInv    .            (no boots)
Will    .....        (no amulet)
Stlth   ++           (no ring)
HPRegen 0.26/turn    (no ring)
MPRegen 0.18/turn

%: no passive effects
@: no status effects
A: rugged brown scales 1, demonic guardian 1, magic regeneration
a: no special abilities


You were on level 4 of the Dungeon.
You visited 1 branch of the dungeon, and saw 4 of its levels.

You collected 110 gold pieces.

Inventory:

Hand Weapons
 a - a +0 shortbow (weapon)
Armour
 c - a +0 leather armour (worn)
Scrolls
 b - a scroll of butterflies
 d - 3 scrolls of teleportation {unknown}
 f - 3 scrolls of blinking {unknown}
 g - a scroll of noise {unknown}
 i - a scroll of amnesia {unknown}
 k - 2 scrolls of poison {unknown}
 l - a scroll of identify {unknown}
Potions
 e - a potion of heal wounds {unknown}
 h - 2 potions of cancellation {unknown}
 j - a potion of curing {unknown}


   Skills:
 + Level 2.9 Fighting
 + Level 5.4 Ranged Weapons
 + Level 0.9 Armour
 + Level 2.1 Dodging
 + Level 1.0 Stealth


You had 4 spell levels left.
You didn't know any spells.
Your spell library contained the following spells:

 Spells                   Type           Power      Damage    Failure   Level
 Ensorcelled Hibernation  Hex/Ice        0%         N/A       63%         2
 Passwall                 Erth           0%         N/A       85%         3
 Swiftness                Air            0%         N/A       85%         3
 Conjure Ball Lightning   Conj/Air       0%         3x3d6     100%        6
 Discord                  Hex            0%         N/A       100%        8
 Disjunction              Tloc           0%         N/A       100%        8


Dungeon Overview and Level Annotations

Branches:
Dungeon (3/15)

Altars:

Shops:
D:4 !


Innate Abilities, Weirdness & Mutations

You are partially covered in rugged brown scales. (AC +1, +3% HP)
A weak demonic guardian rushes to your aid.
You regenerate magic rapidly.


Message History

You shoot an arrow. The arrow hits the orc.
The orc is severely wounded.
Something hits you. The orc closely misses you.
You shoot an arrow. The arrow hits the orc.
You kill the orc!
Something hits you.
No target in view!
No target in view!
Something completely misses you. Something hits you. Something hits you.
No target in view!
No target in view!
No target in view!
Fire: a) +0 shortbow
Press: ? - help, Q - select action Shift-Dir - straight line You shoot an arrow.
Something hits you but does no damage.
Fire: a) +0 shortbow
Press: ? - help, Q - select action Shift-Dir - straight line You shoot an arrow.
Reactivating autopickup.
You feel a bit more experienced.
An ogre comes into view. It is wielding a +0 giant club.
You shoot an arrow. The ogre shouts!
The arrow hits the ogre!
The ogre is moderately wounded.
You shoot an arrow. The arrow hits the ogre.
The ogre is heavily wounded.
You shoot an arrow.
The arrow hits the ogre but does no damage.
The ogre is heavily wounded.
You shoot an arrow. The arrow barely misses the ogre.
You shoot an arrow. The arrow hits the ogre.
The ogre is heavily wounded.
The ogre hits you with a +0 giant club!
A demonic guardian appears!
The ogre hits you with a +0 giant club!!
Ouch! That really hurt!
You die...

# #.#......
#.#.#.......
#......).#.#
#........#.#
#........#.# #
#........#.#
...#....
#.....##)#.#
#....#.# #.....
#.#.#######..#...##
#....
#O@5......#........
....
#.#.#####.#..#.....
#...
#.#.#####.#......).
#
#.#.#.....#.#......
#.#.#..............
............##..###
......########.....
###.## #..... #.#
######


You could see an ogre (ally target) and a friendly white imp (summoned).

Vanquished Creatures
  A scorpion (D:4)
  An iguana (D:4)
  An orc wizard (D:4)
  4 adders
  A ribbon worm (D:2)
  An orc (D:4)
  3 bats (D:1)
  3 endoplasms
  A giant cockroach (D:1)
  2 goblins
  3 hobgoblins
  2 jackals (D:1)
  7 kobolds
  5 ball pythons
  3 rats
38 creatures vanquished.

Notes
Turn   | Place    | Note
-------+----------+-------------------------------------------
     0 | D:1      | gelatine the Demonspawn Hunter began the quest for the Orb.
     0 | D:1      | Reached XP level 1. HP: 16/16 MP: 1/1
   205 | D:1      | Reached skill level 4 in Ranged Weapons
   206 | D:1      | Gained mutation: You regenerate magic rapidly. [demonic
                  | ancestry]
   206 | D:1      | Reached XP level 2. HP: 22/22 MP: 2/2
   791 | D:2      | Gained mutation: You are partially covered in rugged brown
                  | scales. (AC +1, +3% HP) [demonic ancestry]
   791 | D:2      | Reached XP level 3. HP: 12/27 MP: 3/3
   877 | D:2      | Found a faded altar of an unknown god.
  1640 | D:3      | You fall into a shaft and drop 1 floor!
  1663 | D:4      | Reached XP level 4. HP: 33/35 MP: 4/4
  1672 | D:4      | Noticed a scorpion
  1677 | D:4      | Killed a scorpion
  1678 | D:4      | Reached skill level 5 in Ranged Weapons
  1678 | D:4      | Reached skill level 1 in Stealth
  1678 | D:4      | Gained mutation: A weak demonic guardian rushes to your
                  | aid. [demonic ancestry]
  1678 | D:4      | Reached XP level 5. HP: 41/41 MP: 5/5
  1743 | D:4      | Found Haakiete's Distillery.
  1763 | D:4      | Noticed an ogre
  1769 | D:4      | Mangled by an ogre

Illustrated notes

Levels and vault maps discovered:
D:1:      matt_arrival_grand_opening, layout_basic, minmay_tiny_reverse_x
D:2:      layout_basic, shapermc_ecumenical_altar_totnotflames,
          kennysheep_generic_room_5
D:3:      layout_rooms, serial_shops,
          nicolae_shop_temple_entry_statues_fountains
D:4:      minmay_spotlight, layout_basic, nicolae_gozag_zags_fifth_avenue,
          nicolae_overflow_hidden_temple, minmay_temple_entry_oklob,
          serial_shops, shop

Skill      XL: |  1  2  3  4  5 |
---------------+----------------+-----
Ranged Weapons | 4 5 |  5.4
Stealth        | 1 |  1.0
Dodging        | 2 |  2.1
Fighting       | |  2.9
Armour         | |  0.9

Action                     |  1- 3 |  4- 6 || total
---------------------------+-------+-------++-------
   Fire: Shortbow          |    93 |    42 ||   135
 Armour: Leather armour    |    23 |    10 ||    33
  Dodge: Dodged            |    28 |     9 ||    37

Table legend: (Time is in decaauts)
 A = Elapsed time spent in this place.
 B = Non-inter-level travel time spent in this place.
 C = Inter-level travel time spent in this place.
 D = Time resting spent in this place.
 E = Time spent auto-exploring this place.
 F = Levels seen in this place.
 G = Mean time per level.
                   A        B        C        D        E       F      G
               +--------+--------+--------+--------+--------+-----+--------+
         Total |   1797 |   1662 |    135 |      0 |   1416 |   4 |  449.2 |
       Dungeon |   1797 |   1662 |    135 |      0 |   1416 |   4 |  449.2 |
               +--------+--------+--------+--------+--------+-----+--------+

Top non-repeatable levels by time:
     D:2: 965 daAuts
     D:1: 669 daAuts
     D:4: 137 daAuts
     D:3: 24 daAuts
